 Dungeon Crawl Stone Soup version 0.19-a0-32-gbfd796a (webtiles) character file.

144 Gorice the Cutter (level 5, -1/39 HPs)
             Began as a Demonspawn Enchanter on May 2, 2016.
             Slain by a kobold
             ... wielding a +0 club
              (2 damage)
             ... in a sewer.
             The game lasted 00:12:30 (2569 turns).

Gorice the Cutter (Demonspawn Enchanter)            Turns: 2569, Time: 00:12:31

Health: -1/39      AC:  5    Str: 10    XL:     5   Next: 5%
Magic:  7/8        EV: 10    Int: 16    God:
Gold:   102        SH:  0    Dex: 13    Spells: 1 memorised, 7 levels left

rFire  . . .     SeeInvis .     b - +2 short sword (venom)
rCold  . . .     Gourm    .     p - +0 ring mail
rNeg   . . .     Faith    .     (no shield)
rPois  .         Spirit   .     (no helmet)
rElec  .         Dismiss  .     (no cloak)
rCorr  .         Reflect  .     (no gloves)
SustAt .         Harm     .     (no boots)
MR     .....                    (no amulet)
Stlth  ++........               (no ring)
                                (no ring)

@: not resistant to hostile enchantments, unstealthy
A: claws 2, nightstalker 1, rot immunity
a: no special abilities


You were in a sewer.
You were not hungry.

You visited 1 branch of the dungeon, and saw 3 of its levels.
You also visited: Sewer.

You collected 102 gold pieces.

Inventory:

Hand Weapons
 a - a +1 dagger
 b - a +2 short sword of venom (weapon)
   (You took it off a kobold on level 2 of the Dungeon)
Missiles
 e - 14 poisoned needles
 h - 20 bolts
 j - 2 tomahawks (quivered)
 t - 6 sling bullets
 Z - 109 stones
Armour
 o - a +1 robe
 p - a +0 ring mail (worn)
Scrolls
 g - a scroll of identify
 i - a scroll of enchant weapon {unknown}
 m - a scroll of blinking {unknown}
 q - a scroll of teleportation {unknown}
Potions
 k - a potion of ambrosia
 n - a potion of brilliance {!q}
 s - a potion of degeneration {unknown}
Books
 c - a book of Maledictions
 r - a book of Envenomations
Comestibles
 d - 2 bread rations {!e}
 f - a beef jerky
 l - 2 meat rations {!e}
 u - 5 chunks of flesh


   Skills:
 + Level 2.4 Fighting
 * Level 3.7 Short Blades
 - Level 1.7 Dodging
 - Level 2.6 Stealth
 - Level 2.0 Spellcasting
 - Level 3.0 Hexes


You had 7 spell levels left.
You knew the following spells:

 Your Spells              Type           Power        Failure   Level  Hunger
a - Corona                Hex            ##.....      17%         1    #......


Dungeon Overview and Level Annotations

Branches:
Dungeon (3/15)

Altars:
Xom


Innate Abilities, Weirdness & Mutations

You have very sharp fingernails.
You are slightly more attuned to the shadows.
You are immune to rotting.


Message History

The big kobold hits you but does no damage.
The kobold hits you but does no damage. The big kobold hits you with a club.
* * * LOW HITPOINT WARNING * * *
The kobold hits you but does no damage.
The big kobold hits you but does no damage.
Things that are here:
a blowgun; 17 poisoned needles; Damage: 3 (max 6) Unknown command.
The big kobold hits you with a club.
* * * LOW HITPOINT WARNING * * *
Damage: 3 (max 6) Unknown command.
You puncture the big kobold!
You kill the big kobold!
Your Fighting skill increases to level 2!
You have reached level 5!
Your demonic ancestry asserts itself...
You feel immune to rotting. The kobold hits you but does no damage.
You hit the kobold but do no damage.
The kobold is poisoned.
The kobold barely misses you.
You miss the big kobold. The big kobold hits you.
* * * LOW HITPOINT WARNING * * *
Damage: 5 (max 6)
You hit the big kobold.
The big kobold is poisoned.
The big kobold is lightly wounded.
The big kobold barely misses you. The kobold misses you.
You closely miss the big kobold.
The big kobold is moderately wounded.
You kill the kobold!
The big kobold hits you but does no damage.
The kobold hits you but does no damage.
You closely miss the big kobold.
The big kobold is moderately wounded.
The big kobold hits you but does no damage.
The kobold closely misses you.
You barely miss the big kobold.
The big kobold is moderately wounded.
The big kobold hits you.
* * * LOW HITPOINT WARNING * * *
The kobold hits you but does no damage.
Damage: 5 (max 6)
You hit the big kobold.
The big kobold looks even sicker.
The big kobold is heavily wounded.
The big kobold hits you.
* * * LOW HITPOINT WARNING * * *
The kobold hits you with a club.
You die...

≈≈≈≈≈≈≈≈≈≈≈≈≈≈≈≈≈≈#
≈≈≈≈≈≈≈≈≈≈≈≈≈≈≈≈≈≈#
########≈≈########'###
......≈P≈≈P.#....#...#
......≈≈≈≈..'??∩.#.∩.#
..........).'.?..#.∩.#
.........)).#!...#####
........KK########
##.....##@# ##########


You could see a big kobold and a kobold.

Vanquished Creatures
  A big kobold (Sewer)
  2 oozes
  3 dart slugs (D:1)
  4 giant geckos
  3 ball pythons
  8 bats
  4 giant cockroaches
  6 goblins (D:1)
  12 hobgoblins
  2 jackals (D:1)
  A giant newt (D:1)
  8 kobolds
  2 rats
56 creatures vanquished.

Notes
Turn   | Place    | Note
--------------------------------------------------------------
     0 | D:1      | Gorice the Demonspawn Enchanter began the quest for the Orb.
     0 | D:1      | Reached XP level 1. HP: 13/13 MP: 3/3
    22 | D:1      | Reached skill level 1 in Short Blades
   108 | D:1      | HP: 4/14 [hobgoblin/club (1)]
   374 | D:1      | Gained mutation: You are slightly more attuned to the shadows. [demonic ancestry]
   374 | D:1      | Reached XP level 2. HP: 20/20 MP: 3/5
   398 | D:1      | Reached skill level 1 in Fighting
   742 | D:1      | Reached skill level 2 in Short Blades
   999 | D:1      | Gained mutation: You have sharp fingernails. [demonic ancestry]
   999 | D:1      | Reached XP level 3. HP: 19/26 MP: 4/6
  1187 | D:1      | HP: 4/26 [hobgoblin/club (4)]
  1761 | D:2      | Found a shimmering altar of Xom.
  1762 | D:2      | Found a shimmering altar of Xom.
  1762 | D:2      | Found a shimmering altar of Xom.
  1764 | D:2      | Found a shimmering altar of Xom.
  1765 | D:2      | Found a shimmering altar of Xom.
  1765 | D:2      | Found a shimmering altar of Xom.
  1768 | D:2      | Found a shimmering altar of Xom.
  1944 | D:2      | HP: 8/27 [poisoned by a kobold]
  1949 | D:2      | HP: 7/27 [poisoned by a kobold]
  1956 | D:2      | HP: 5/27 [poisoned by a kobold]
  1964 | D:2      | HP: 4/27 [poisoned by a kobold]
  2441 | D:3      | Reached skill level 3 in Short Blades
  2441 | D:3      | Gained mutation: You have very sharp fingernails. [demonic ancestry]
  2441 | D:3      | Reached XP level 4. HP: 30/33 MP: 7/7
  2464 | D:3      | Found a glowing drain.
  2505 | Sewer    | Entered a sewer
  2543 | Sewer    | Noticed a big kobold
  2543 | Sewer    | Noticed a big kobold
  2560 | Sewer    | Killed a big kobold
  2560 | Sewer    | Reached skill level 2 in Fighting
  2560 | Sewer    | Gained mutation: You are immune to rotting. [demonic ancestry]
  2560 | Sewer    | Reached XP level 5. HP: 12/39 MP: 6/8
  2563 | Sewer    | HP: 8/39 [big kobold (5)]
  2568 | Sewer    | HP: 3/39 [big kobold (6)]
  2569 | Sewer    | HP: 1/39 [big kobold (2)]
  2569 | Sewer    | Slain by a kobold

Vault maps used:
D:1:      roderic_chinese_lattice_arrival
D:2:      xom_redecorated
D:3:      gup_sewer_entry_bowl, first_bread, feat_on_display
Sewer:    kennysheep_pipe_town

Skill      XL: |  1  2  3  4 |
---------------+-------------+-----
Short Blades   | 1 2 3 |  3.7
Fighting       | 1 2 |  2.4
Dodging        | |  1.7
Stealth        | |  2.6
Spellcasting   | |  2.0
Hexes          | |  3.0

Action                   |  1- 3 |  4- 6 || total
-------------------------+-------+-------++-------
Melee: Dagger            |   168 |       ||   168
       Short sword       |    12 |    32 ||    44
Throw: Stone             |     3 |       ||     3
 Cast: Corona            |    42 |     3 ||    45
  Use: Scroll            |     1 |       ||     1
       Potion            |     1 |       ||     1
 Stab: Sleeping          |     4 |     1 ||     5
  Eat: Chunk             |     6 |       ||     6
Armor: Robe              |    35 |       ||    35
       Ring mail         |     7 |    19 ||    26
Dodge: Dodged            |   102 |    22 ||   124

Table legend:
 A = Turns spent in this place as a percentage of turns spent in the entire game.
 B = Non-inter-level travel turns spent in this place as a percentage of non-inter-level travel turns spent in the entire game.
 C = Inter-level travel turns spent in this place as a percentage of turns spent in this place.
 D = Turns resting spent in this place as a percentage of non-inter-level travel turns spent in this place.
 E = Turns spent auto-exploring this place as a percentage of non-inter-level travel turns spent in this place.
 F = Non-inter-level travel turns spent in this place divided by the number of levels of this place that you've seen.
                   A       B       C       D       E      F
               +-------+-------+-------+-------+-------+----------------------
         Total | 100.0 | 100.0 |   0.2 |   3.1 |   4.1 | 233.5
       Dungeon |  92.7 |  92.7 |   0.2 |   3.3 |   4.4 | 288.7
         Sewer |   7.3 |   7.3 |   0.0 |   0.0 |   0.0 |  68.0
               +-------+-------+-------+-------+-------+----------------------

Vault maps used:
D:1:      roderic_chinese_lattice_arrival
D:2:      xom_redecorated
D:3:      gup_sewer_entry_bowl, first_bread, feat_on_display
Sewer:    kennysheep_pipe_town
